 Dungeon Crawl Stone Soup version 0.21.1-1-g345015f (webtiles) character file.

5944 Fang the Cleaver (level 10, -8/96 HPs)
             Began as a Gargoyle Berserker on June 6, 2018.
             Was a High Priest of Trog.
             Mangled by a large abomination (illusionary) (24 damage)
             ... on level 1 of the Abyss.
             The game lasted 00:14:55 (10678 turns).

Fang the Cleaver (Gargoyle Berserker)              Turns: 10678, Time: 00:14:56

Health: -8/96      AC: 11    Str: 30    XL:     10   Next: 83%
Magic:  10/10      EV: 15    Int: 10    God:    Trog [*****.]
Gold:   463        SH:  0    Dex: 12    Spells: 9/9 levels left

rFire    + + .     SeeInvis .   k - +3 hand axe (chop)
rCold    x . .     Gourm    .   (no shield)
rNeg     + + .     Faith    .   r - +1 leather armour of the Sparrow {-Cast +Fly rN+}
rPois    ∞         Spirit   .   (no helmet)
rElec    +         Reflect  .   (no cloak)
rCorr    .         Harm     .   (no gloves)
MR       .....     NoTele   +   (no boots) Stlth ..........NoCast +
                                (no amulet)
HPRegen  0.26/turn              p - ring "Nacewkeu" {Fire -Tele Int+3 Dex+3}
MPRegen  0.12/turn              D - ring of the Several Realms {*Tele rF+ Stlth+}

@: berserking (expiring), very quick
A: negative energy resistance 1, electricity resistance, unbreathing,
petrification resistance, rot immunity, AC +7
a: Berserk, Trog's Hand, Brothers in Arms, Burn Spellbooks, Renounce Religion,
Evoke Flight


You were on level 1 of the Abyss.
You worshipped Trog.
Trog was extremely pleased with you.
You were not hungry.

You visited 2 branches of the dungeon, and saw 10 of its levels.
You visited the Abyss 1 time.

You collected 463 gold pieces.

Inventory:

Hand Weapons
 a - a +0 hand axe
 e - a +1 hand axe of distortion
 k - a +3 hand axe of chopping (weapon)
Armour
 r - the +1 leather armour of the Sparrow (worn) {-Cast +Fly rN+}
   (You found it on level 4 of the Dungeon)

   It protects you from negative energy.
   It lets you fly.
   It prevents spellcasting.
Jewellery
 f - an uncursed ring of protection from fire
 j - a +6 ring of protection
 l - an uncursed ring of magical power
 p - the ring "Nacewkeu" (left hand) {Fire -Tele Int+3 Dex+3}
   (You took it off an orc wizard on level 5 of the Dungeon)

   [ring of fire]

   It enhances your fire magic.
   It affects your intelligence (+3).
   It affects your dexterity (+3).
   It protects you from fire.
   It makes you vulnerable to cold.
   It prevents most forms of teleportation.
 D - the ring of the Several Realms (right hand) {*Tele rF+ Stlth+}
   (You found it on level 8 of the Dungeon)

   [ring of teleportation]

   It may teleport you next to monsters.
   It protects you from fire.
   It makes you more stealthy.
Wands
 i - a wand of digging (29)
 z - a wand of acid (18)
 C - a wand of polymorph (9)
Scrolls
 b - a scroll of teleportation
 g - 2 scrolls of remove curse
 n - a scroll of fog
 x - a scroll of blinking
 y - 4 scrolls of identify
 B - 4 scrolls of fear
Potions
 d - 2 potions of berserk rage
 h - 3 potions of brilliance
 m - 2 potions of cancellation
 o - 2 potions of lignification
 q - 2 potions of curing
 s - 4 potions of heal wounds
 t - a potion of magic
 u - 2 potions of might
 v - 4 potions of flight
 A - a potion of agility
Comestibles
 c - 11 rations


   Skills:
 + Level 8.0 Fighting
 + Level 10.2 Axes
 + Level 4.7 Armour
 + Level 6.6 Dodging
 + Level 5.3 Stealth


You had 9 spell levels left.
You didn't know any spells.

Dungeon Overview and Level Annotations

Branches:
Dungeon (9/15)             Temple (1/1) D:6
   Lair: D:8-11         Orc: D:9-12

Altars:
Ashenzari
Cheibriados
Dithmenos
Elyvilon
Fedhas
Gozag
Hepliaklqana
Kikubaaqudgha
Makhleb
Nemelex Xobeh
Okawaru
Qazlal
Ru
Sif Muna
Trog
Uskayaw
Vehumet
Wu Jian
Xom
Yredelemnul
Zin
The Shining One

Annotations:
D:9 Psyche


Innate Abilities, Weirdness & Mutations

You are resistant to torment.
Your stone body is resilient. (AC +7)
You are immune to poison.
You resist negative energy. (rN+)
You are resistant to electric shocks. (rElec)
You can survive without breathing.
You are immune to petrification.
You are immune to rotting.


Message History

Unknown command.
You slice the thrashing horror!!
The thrashing horror is almost destroyed.
The thrashing horror misses you. The thrashing horror tramples you.
* * * LOW HITPOINT WARNING * * *
You hold your ground!
Unknown command.
The thrashing horror roars!
The thrashing horror misses you.
The thrashing horror tramples you but does no damage.
The large abomination misses you.
You feel a strong urge to attack something.
The thrashing horror roars!
Something shouts, "Turn tail, thou unctious fat-kidneyed snaffler!"
The thrashing horror tramples you.
* * * LOW HITPOINT WARNING * * *
You hold your ground!
The thrashing horror closely misses you.
The large abomination hits you!!
You die...

#. ##............v......
..5##.#.##......##......#
.#. .#..
#......##......## .# .
..............$.....
.##.....
................. #. §..#
.................. .. #..
.........X.........
##.....
....x...@......... ..
#...........XX......... #
#.##..##......##......##
....#..##.....X##......#
.( . .......R.X..........
.#.##. .................
. .#
..................... #
...#.................%..
.#...§ ..


You could see 2 starcursed masses, a rakshasa, a spatial vortex, a thrashing
horror, 2 large abominations and a small abomination.

Vanquished Creatures
  A two-headed ogre (D:8)
  A thrashing horror (Abyss:1)
  The ghost of Naiya55 the Geomancer, a novice GrEE of Vehumet (D:5)
  A troll (D:8)
  Grinder (D:5)
  Sigmund (D:3)
  A small abomination (Abyss:1)
  The ghost of Zdeegee the Gusty, an amateur TeAE of Sif Muna (D:4)
  Grum (D:8)
  A water moccasin (D:5)
  Duvessa (D:5)
  2 sky beasts (D:6)
  2 orc warriors
  A phantom (D:8)
  4 ogres
  A centaur (D:7)
  Blork the orc (D:4)
  2 bullfrogs
  A wyvern skeleton (D:8)
  Dowan (D:5)
  2 scorpions (D:5)
  8 killer bees
  A centaur zombie (D:8)
  4 crimson imps
  2 jellies
  A centaur skeleton (D:5)
  2 orc priests
  A bullfrog skeleton (D:4)
  5 hounds
  3 iguanas
  8 orc wizards
  8 worker ants
  2 hound skeletons
  3 gnolls (D:7)
  9 adders
  2 shadow imps (D:8)
  An adder skeleton (D:5)
  2 worms
  3 dart slugs
  12 leopard geckos
  42 orcs
  A ball python (D:3)
  7 giant cockroaches
  5 goblins
  4 hobgoblins
  14 jackals
  9 kobolds
  7 quokkas
  9 bats
  6 frilled lizards
  A leopard gecko zombie (D:7)
  A quokka skeleton (D:4)
  10 rats
  A spectral orc (D:4)
222 creatures vanquished.

Vanquished Creatures (others)
  2 wolves (D:8)
  A centaur (D:7)
  2 killer bees (D:7)
  A howler monkey skeleton (D:7)
  A leopard gecko (D:8)
  A jackal (D:7)
8 creatures vanquished.

Grand Total: 230 creatures vanquished

Notes
Turn   | Place    | Note
-------+----------+-------------------------------------------
     0 | D:1      | Fang the Gargoyle Berserker began the quest for the Orb.
     0 | D:1      | Reached XP level 1. HP: 14/14 MP: 1/1
   158 | D:1      | Reached XP level 2. HP: 12/19 MP: 2/2
   333 | D:1      | Reached skill level 3 in Axes
   864 | D:2      | Reached XP level 3. HP: 24/24 MP: 3/3
   904 | D:2      | Reached ** piety under Trog
   951 | D:2      | Found a faded altar of an unknown god.
  1340 | D:2      | Reached XP level 4. HP: 21/29 MP: 4/4
  2212 | D:3      | Noticed Sigmund
  2225 | D:3      | Killed Sigmund
  2225 | D:3      | Reached skill level 4 in Axes
  2225 | D:3      | Reached skill level 1 in Stealth
  2225 | D:3      | Reached XP level 5. HP: 34/34 MP: 5/5
  2225 | D:3      | Reached XP level 6. HP: 39/39 MP: 6/6
  2300 | D:3      | Found an ornate altar of the Wu Jian Council.
  2347 | D:3      | Found an opulent altar of Gozag.
  2379 | D:3      | Found a shadowy altar of Dithmenos.
  2447 | D:3      | Found a hazy altar of Hepliaklqana.
  3167 | D:3      | Reached *** piety under Trog
  3598 | D:4      | Found a blossoming altar of Fedhas.
  3605 | D:4      | Reached skill level 5 in Axes
  3733 | D:4      | Noticed Blork the orc
  3740 | D:4      | Reached XP level 7. HP: 42/44 MP: 7/7
  3748 | D:4      | Killed Blork the orc
  4291 | D:4      | Found a basalt altar of Yredelemnul.
  4398 | D:4      | Got a heavily runed leather armour
  4409 | D:4      | Identified the +1 leather armour of the Sparrow {-Cast +Fly rN+} (You found it on level 4 of the Dungeon)
  4422 | D:4      | Noticed Zdeegee's ghost (amateur TeAE)
  4429 | D:4      | Killed Zdeegee's ghost
  4429 | D:4      | Reached skill level 5 in Fighting
  4429 | D:4      | Reached skill level 6 in Axes
  4429 | D:4      | Reached XP level 8. HP: 49/49 MP: 8/8
  4726 | D:5      | Entered Level 5 of the Dungeon
  4726 | D:5      | Noticed Naiya55's ghost (novice GrEE)
  4737 | D:5      | Killed Naiya55's ghost
  4803 | D:5      | Found a sacrificial altar of Ru.
  4860 | D:5      | Reached skill level 7 in Axes
  5083 | D:5      | Found a sparkling altar of Nemelex Xobeh.
  5143 | D:5      | Noticed Duvessa
  5143 | D:5      | Noticed Dowan
  5162 | D:5      | Killed Dowan
  5164 | D:5      | Killed Duvessa
  5707 | D:5      | Noticed Grinder
  5720 | D:5      | Paralysed by Grinder for 4 turns
  5727 | D:5      | Reached XP level 9. HP: 55/55 MP: 9/9
  5737 | D:5      | Killed Grinder
  5737 | D:5      | Reached skill level 8 in Axes
  5996 | D:5      | Reached **** piety under Trog
  6164 | D:5      | Reached skill level 5 in Dodging
  6175 | D:5      | Got a glittering lead ring
  6463 | D:6      | Identified the ring "Nacewkeu" {Fire -Tele Int+3 Dex+3} (You took it off an orc wizard on level 5 of the Dungeon)
  7006 | D:6      | Found a staircase to the Ecumenical Temple.
  7164 | Temple   | Entered the Ecumenical Temple
  7432 | D:6      | Reached skill level 9 in Axes
  7667 | D:7      | Reached XP level 10. HP: 50/63 MP: 10/10
  7828 | D:7      | Found a blossoming altar of Fedhas.
  8409 | D:8      | Reached ***** piety under Trog
  8462 | D:8      | Found a radiant altar of Vehumet.
  8467 | D:8      | Got a transparent bronze ring
  8481 | D:8      | Identified the ring of the Several Realms {*Tele rF+ Stlth+} (You found it on level 8 of the Dungeon)
  8760 | D:8      | Noticed Grum
  8762 | D:8      | Noticed a two-headed ogre
  9659 | D:8      | Killed Grum
  9896 | D:8      | Killed a two-headed ogre
  9896 | D:8      | Reached skill level 10 in Axes
  9896 | D:8      | Reached skill level 5 in Stealth
 10187 | D:9      | Noticed Psyche
 10199 | D:9      | Cast into level 1 of the Abyss (Psyche)
 10522 | Abyss:1  | Noticed a thrashing horror
 10529 | Abyss:1  | Killed a thrashing horror
 10601 | Abyss:1  | Noticed an eye of devastation
 10655 | Abyss:1  | Noticed a thrashing horror
 10655 | Abyss:1  | Noticed a rakshasa
 10668 | Abyss:1  | Noticed a starcursed mass
 10678 | Abyss:1  | Mangled by a large abomination (illusionary)

Skill      XL: |  1  2  3  4  5  6  7  8  9 10 |
---------------+-------------------------------+-----
Axes           | 3 4 5 6 7 9 10 | 10.2
Dodging        | 2 3 4 5 6 |  6.6
Fighting       | 4 5 7 8 |  8.0
Stealth        | 1 3 4 5 |  5.3
Armour         | 3 4 |  4.7

Action                   |  1- 3 |  4- 6 |  7- 9 | 10-12 || total
-------------------------+-------+-------+-------+-------++-------
Melee: Hand axe          |   141 |   176 |   421 |   243 ||   981
Invok: Berserk           |     1 |     2 |     9 |     7 ||    19
       Burn Spellbooks   |       |       |     1 |       ||     1
  Use: Scroll            |       |       |    19 |     1 ||    20
 Stab: Sleeping          |     1 |     3 |     2 |     4 ||    10
       Distracted        |       |     2 |       |       ||     2
  Eat: Chunk             |     1 |    11 |     8 |    10 ||    30
       Ration            |       |       |     4 |     2 ||     6
Armor: Animal skin       |    57 |   102 |     9 |       ||   168
       Leather armour    |       |       |   164 |    74 ||   238
Dodge: Dodged            |    99 |   136 |   264 |   134 ||   633
